 Dungeon Crawl Stone Soup version 0.31.0-11-ge490571c62 (webtiles) character file.

Game seed: 3873153644246819629

128 mopl the Caller (level 5, -2/28 HPs)
             Began as a Tengu Summoner on Feb 10, 2024.
             Slain by an orc
             ... wielding a +0 flail
              (5 damage)
             ... on level 3 of the Dungeon.
             The game lasted 00:02:50 (1933 turns).

mopl the Caller (Tengu Summoner)                    Turns: 1933, Time: 00:02:51

Health: -2/28      AC:  2    Str:  8    XL:     5   Next: 12%
Magic:  11/11      EV:  9    Int: 18    God:
Gold:   51         SH:  0    Dex: 14    Spells: 1/11 levels left

rFire   . . .        b - +2 short sword (vamp)
rCold   . . .        (no shield)
rNeg    . . .        t - +0 robe
rPois   .            (helmet restricted)
rElec   .            (no cloak)
rCorr   .            (no gloves)
SInv    .            (boots unavailable)
Will    .....        (no amulet)
Stlth   ++           (no ring)
HPRegen 0.24/turn    (no ring)
MPRegen 0.12/turn

%: acrobat
@: constricted
A: beak, talons 3, acrobatic
a: no special abilities


You were on level 3 of the Dungeon.
You visited 1 branch of the dungeon, and saw 3 of its levels.

You collected 51 gold pieces.

Inventory:

Hand Weapons
 a - a +0 spear
 b - a +2 vampiric short sword (weapon)
 v - the +5 orcbow "Raisin" {antimagic, rPois rC- Will+}
   (You found it on level 3 of the Dungeon)

   rC-:       It makes you vulnerable to cold.
   rPois:     It protects you from poison Will+: It increases your willpower.
Missiles
 k - 2 boomerangs
 n - 6 atropa-tipped darts
 q - 8 poisoned darts
Armour
 t - a +0 robe (worn)
Jewellery
 u - a ring of ice
Scrolls
 c - a scroll of enchant armour {unknown}
 d - a scroll of identify {unknown}
 e - a scroll of blinking {unknown}
 f - a scroll of revelation {unknown}
 i - a scroll of acquirement {unknown}
 j - a scroll of vulnerability {unknown}
 l - a scroll of enchant weapon {unknown}
 m - a scroll of poison {unknown}
 o - a scroll of amnesia {unknown}
 r - a scroll of torment {unknown}
 s - a scroll of teleportation {unknown}
Potions
 g - 2 potions of curing {unknown}
 h - a potion of lignification {unknown}
 p - a potion of magic


   Skills:
 + Level 0.1 Polearms
 - Level 2.1 Dodging
 - Level 2.0 Stealth
 * Level 3.6 Spellcasting
 * Level 6.3 Summonings


You had one spell level left.
You knew the following spells:

 Your Spells              Type           Power      Damage    Failure   Level
a - Summon Small Mammal   Summ           100%       N/A       1%          1
b - Call Imp              Summ           52%        N/A       1%          2
c - Call Canine Familiar  Summ           26%        N/A       3%          3
g - Summon Blazeheart Go  Fire/Summ      14%        N/A       38%         4

Your spell library contained the following spells:

 Spells                   Type           Power      Damage    Failure   Level
 Blink                    Tloc           6%         N/A       24%         2
 Lesser Beckoning         Tloc           6%         N/A       24%         2
 Momentum Strike          Conj/Tloc      6%         3d8       24%         2
 Summon Lightning Spire   Summ/Air       14%        N/A       38%         4


Dungeon Overview and Level Annotations

Branches:
Dungeon (3/15)

Altars:


Innate Abilities, Weirdness & Mutations

You have a beak for a mouth.
You have claws for feet.
You can magically evade attacks while moving or waiting.


Message History

The ball python constricts you. The orc hits you but does no damage.
You escape the ball python's grasp.
The orc attacks as it pursues you! The orc hits you with a +0 short sword.
The orc misses you.
You hit the orc. Your kick misses the orc. You peck the orc.
The orc is severely wounded.
The orc hits you with a +0 short sword. The orc attacks as it pursues you!
The orc completely misses you.
You closely miss the orc. Your kick misses the orc.
The orc is severely wounded.
The orc barely misses you.
An orc opens the door.
You hit the orc.
You feel better.
You kill the orc!
The ball python closely misses you. The ball python misses you.
You hit the ball python. You peck the ball python.
The ball python is severely wounded.
The ball python barely misses you. The ball python grabs you.
The ball python constricts you.
You closely miss the ball python. Your kick misses the ball python.
Your peck misses the ball python.
The ball python is severely wounded.
The ball python bites you. The ball python constricts you.
You closely miss the ball python. Your kick misses the ball python.
The ball python is severely wounded.
The ball python closely misses you. The ball python constricts you.
The orc hits you with a +0 flail!
You are too injured to fight recklessly!
You are too injured to fight recklessly!
You hit the orc.
You feel better.
You claw the orc. Your peck misses the orc.
The orc is severely wounded.
The ball python bites you but does no damage.
The ball python constricts you. The orc hits you with a +0 flail!
* * * LOW HITPOINT WARNING * * *
You hit the orc but do no damage. Your kick misses the orc.
You peck the orc, but do no damage.
The orc is severely wounded.
The ball python bites you.
* * * LOW HITPOINT WARNING * * *
The ball python constricts you. The orc hits you with a +0 flail.
You die...

#. ..#.. .####. .
....# .[....# .##.#..#
......## .##.....
......## .##....#
#..⌠.## .##.⌠...###..
#.....##'##........o..
#.....@So......).#
###..o###.######..#
##.......# .#
#..<.##### # #.####
####.# #....########
#............
#....########


You could see 2 orcs and a ball python.

Vanquished Creatures
  A hound (D:2)
  A gnoll (D:2)
  3 dart slugs
  A ribbon worm (D:2)
  2 orcs (D:3)
  3 endoplasms
  2 giant cockroaches (D:1)
  5 goblins
  2 hobgoblins (D:2)
  2 kobolds
  2 quokkas
  2 ball pythons
  5 bats
  3 frilled lizards
  4 rats (D:1)
38 creatures vanquished.

Vanquished Creatures (collateral kills)
  3 gnolls (D:2)
  A ball python (D:1)
  2 endoplasms
  2 goblins (D:1)
  2 hobgoblins (D:1)
  2 kobolds (D:1)
12 creatures vanquished.

Grand Total: 50 creatures vanquished

Notes
Turn   | Place    | Note
-------+----------+-------------------------------------------
     0 | D:1      | mopl the Tengu Summoner began the quest for the Orb.
     0 | D:1      | Reached XP level 1. HP: 10/10 MP: 4/4
    93 | D:1      | Reached skill level 5 in Summonings
    97 | D:1      | Reached XP level 2. HP: 9/15 MP: 6/6
   133 | D:1      | Learned a level 2 spell: Call Imp
   274 | D:1      | Reached XP level 3. HP: 8/19 MP: 3/7
   278 | D:1      | Learned a level 3 spell: Call Canine Familiar
  1100 | D:2      | Identified the +0 ring mail of Winter {rN+ Will- SInv
                  | Stlth+}
  1260 | D:2      | Reached XP level 4. HP: 12/24 MP: 6/9
  1527 | D:2      | Reached skill level 6 in Summonings
  1670 | D:2      | Reached XP level 5. HP: 24/28 MP: 5/11
  1690 | D:2      | Learned a level 4 spell: Summon Blazeheart Golem
  1904 | D:3      | Identified the +5 orcbow "Raisin" {antimagic, rPois rC-
                  | Will+}
  1933 | D:3      | Slain by an orc

Illustrated notes

Levels and vault maps discovered:
D:1:      onia_arrival_mini_maze, layout_basic, chequers_serial_rivers_large_a,
          chequers_serial_rivers_micro_e
D:2:      layout_loops_corners, nicolae_grassy_gnolls
D:3:      layout_loops_cross, nicolae_overflow_ecumenical_swirl, st_stairs_14,
          nicolae_figureground_pulse

Skill      XL: |  1  2  3  4 |
---------------+-------------+-----
Summonings     | 5 6 |  6.3
Spellcasting   | 3 |  3.6
Polearms       | |  0.1
Dodging        | |  2.1
Stealth        | |  2.0

Action                     |  1- 3 |  4- 6 || total
---------------------------+-------+-------++-------
  Melee: Unarmed           |   107 |     4 ||   111
         Peck              |    23 |     5 ||    28
         Kick              |    31 |     7 ||    38
         Punch             |     1 |       ||     1
         Short sword       |       |    35 ||    35
   Cast: Call Imp          |     6 |     2 ||     8
         Call Canine Famil |       |     1 ||     1
   Stab: Sleeping          |     3 |     1 ||     4
         Distracted        |       |     1 ||     1
 Armour: Robe              |    53 |    21 ||    74
  Dodge: Dodged            |    80 |    29 ||   109
